 Dungeon Crawl Stone Soup version 0.30-a0-949-g53dc5368d7 (webtiles) character file.

Game seed: 17548232932158378848

4383 EonDragon20 the Transmogrifier (level 10, -23/87 (88) HPs)
             Began as a Merfolk Transmuter on Mar 27, 2023.
             Was a Believer of Okawaru.
             Annihilated by an ogre
             ... wielding a +0 giant club
              (33 damage)
             ... on level 7 of the Dungeon.
             The game lasted 00:57:46 (8613 turns).

EonDragon20 the Transmogrifier (Merfolk Transmuter) Turns: 8613, Time: 00:57:47

HP:   -23/87 (88)   AC:  8    Str: 19    XL:     10   Next: 35%
MP:   14/17         EV: 25    Int: 15    God:    Okawaru [**....]
Gold: 387           SH:  0    Dex: 14    Spells: 0/18 levels left

rFire   x . .      SeeInvis .      - Unarmed
rCold   + + +      Faith    .    (shield currently unavailable)
rNeg    . . .      Spirit   .    m - melded +0 leather armour
rPois   +          Reflect  .    p - melded +0 helmet
rElec   .          Rampage  .    o - melded +0 cloak
rCorr   .                        j - melded +1 pair of gloves
Will    .....                    (boots currently unavailable)
Stlth   +                        l - amulet of the acrobat
HPRegen 0.34/turn                r - +6 ring of strength
MPRegen 0.15/turn                (no ring)

@: ice-form, acrobatic, lightly drained
A: freezing attack, boosted hp, large, (nimble swimmer 2), (mertail)
a: End Transformation, Renounce Religion, Heroism


You were on level 7 of the Dungeon.
You worshipped Okawaru.
Okawaru was pleased with you.
You were a creature of crystalline ice.
You visited 2 branches of the dungeon, and saw 8 of its levels.

You collected 387 gold pieces.

Inventory:

Armour
 j - a +1 pair of gloves (melded)
 m - a +0 leather armour (melded)
 o - a +0 cloak (melded)
 p - a +0 helmet (melded)
Jewellery
 f - a ring of ice
 l - an amulet of the acrobat (around neck)
 r - a +6 ring of strength (left front paw)
Wands
 q - a wand of digging (4)
 v - a wand of flame (19)
 w - a wand of roots (22)
Scrolls
 c - a scroll of teleportation
 e - 3 scrolls of enchant armour
 h - a scroll of poison {unknown}
Potions
 a - 3 potions of brilliance
 b - a potion of lignification
 d - a potion of resistance {unknown}
 g - a potion of curing
 i - 2 potions of ambrosia {unknown}
 n - 2 potions of mutation
 s - 2 potions of attraction {unknown}
 u - 4 potions of flight {unknown}


   Skills:
 + Level 5.4 Fighting
 - Level 3.0 Dodging
 * Level 7.1 Unarmed Combat
 + Level 4.8 Spellcasting
 * Level 0.9 Conjurations
 + Level 10.3 Transmutations
 - Level 7.6 Ice Magic
 * Level 0.8 Air Magic
 - Level 5.1 Poison Magic


You couldn't memorise any spells.
You knew the following spells:

 Your Spells              Type           Power      Damage    Failure   Level
a - Beastly Appendage     Tmut           68%        N/A       1%          1
b - Wereblood             Tmut           34%        N/A       1%          2
c - Spider Form           Tmut/Pois      26%        N/A       1%          3
d - Ice Form              Ice/Tmut       30%        N/A       4%          4
e - Blade Hands           Tmut           17%        N/A       7%          5
f - Mephitic Cloud        Conj/Pois/Air  10%        N/A       19%         3

Your spell library contained the following spells:

 Spells                   Type           Power      Damage    Failure   Level
 Passwall                 Tmut/Erth      15%        N/A       3%          2
 Poisonous Vapours        Pois/Air       24%        N/A       8%          2
 Cigotuvi's Dreadful Rot  Necr/Pois/Air  18%        N/A       11%         2
 Magic Dart               Conj           24%        1d4       12%         1
 Kiss of Death            Conj/Necr      20%        2d7       14%         1
 Necrotise                Necr           12%        1d4       17%         1
 Sandblast                Erth           6%         2d5       17%         1
 Searing Ray              Conj           12%        2d4       17%         2
 Stone Arrow              Conj/Erth      10%        3d7       38%         3
 Irradiate                Conj/Tmut      10%        3d15      43%         5
 Confusing Touch          Hex            3%         N/A       45%         3
 Vampiric Draining        Necr           3%         2d6       45%         3
 Fulminant Prism          Conj/Hex       2%         3d5       80%         4
 Dispel Undead            Necr           3%         3d7       86%         4
 Dragon Form              Tmut           17%        N/A       90%         7
 Agony                    Necr           3%         N/A       99%         5
 Borgnjor's Revivificati  Necr           1%         N/A       100%        8
 Necromutation            Tmut/Necr      9%         N/A       100%        8
 Death's Door             Necr           1%         N/A       100%        9


Dungeon Overview and Level Annotations

Branches:
Dungeon (7/15)             Temple (1/1) D:5

Altars:
Cheibriados
Dithmenos
Elyvilon
Gozag
Hepliaklqana
Makhleb
Nemelex Xobeh
Okawaru
Qazlal
Ru
Trog
Uskayaw
Vehumet
Xom
Yredelemnul
Zin

Shops:
D:1 ?   D:4 *


Innate Abilities, Weirdness & Mutations

You are a creature of crystalline ice.
You have a powerful freezing melee attack.
Your maximum health is increased.
Your armour is entirely melded.
You are incapable of wielding weapons or throwing items.
((You are very nimble when in or above water. (Stealth+, EV+, Speed+++)))
((Your lower body shifts to a powerful aquatic tail in water.))


Message History

Your +1 pair of gloves melds into your body.
Your +0 leather armour melds into your body.
You feel very sick.
The gnoll sergeant hits you with a +1 spear of venom.
The gnoll hits you from afar with a +0 spear.
You punch the gnoll sergeant! You freeze the gnoll sergeant.
The gnoll sergeant is severely wounded.
You feel very sick. The gnoll sergeant barely misses you.
The gnoll hits you but does no damage.
You punch the gnoll sergeant! You freeze the gnoll sergeant.
You kill the gnoll sergeant!
Okawaru accepts your kill.
You feel very sick. The gnoll hits you but does no damage.
You punch the gnoll! You freeze the gnoll.
You kill the gnoll!
Okawaru accepts your kill.
You feel very sick.
You feel sick. The gnoll barely misses you.
You hit the ogre. You freeze the ogre.
The ogre is lightly wounded.
You feel sick.
The ogre hits you with a +0 giant club!!
* * * LOW HITPOINT WARNING * * *
The gnoll hits you from afar with a +0 spear.
* * * LOW HITPOINT WARNING * * *
You feel better. The gnoll hits you but does no damage.
The gnoll barely misses you.
The ogre hits you with a +0 giant club!!
* * * LOW HITPOINT WARNING * * *
Okay, then.
You feel better.
The gnoll hits you from afar with a +0 spear.
* * * LOW HITPOINT WARNING * * *
The gnoll barely misses you.
Okay, then.
The ogre attacks as you move away! The ogre misses you.
The ogre attacks as you move away!
The ogre hits you with a +0 giant club!!
You die...

## ... .... #..............
... #..##...
##..............
O.#...#..##..............<)
...... ..............)...
#.g# .................. #)#
#.................
#)####.................
...###.gg...................
#........#OY..#####.........
##.......#...####...........
##............#............
#........#......##.........
#.....##.##.....>###........
#.....##....................
###.........................
##..#..##..........#......
#####.........###.....


You could see an ogre and 2 gnolls.

Vanquished Creatures
  Pikel (D:6)
  A wyvern (D:6)
  5 yaks (D:4)
  5 water moccasins
  An orc warrior (D:6)
  3 black bears
  An ice beast (D:5)
  5 ogres
  2 centaurs
  A lemure (D:7)
  3 bullfrogs
  A scorpion (D:4)
  A gnoll sergeant (D:7)
  10 wights
  A howler monkey (D:6)
  3 orc priests
  2 hounds (D:6)
  4 jellies
  4 iguanas
  A sleepcap (D:5)
  An orc wizard (D:6)
  13 adders
  3 gnolls
  A shadow imp (D:6)
  3 white imps
  5 worms
  20 orcs
  4 endoplasms
  3 giant cockroaches
  4 goblins
  8 hobgoblins
  2 kobolds
  9 ball pythons
  3 bats
  2 frilled lizards
  6 rats
142 creatures vanquished.

Notes
Turn   | Place    | Note
-------+----------+-------------------------------------------
     0 | D:1      | EonDragon20 the Merfolk Transmuter began the quest for the
                  | Orb.
     0 | D:1      | Reached XP level 1. HP: 15/15 MP: 3/3
   207 | D:1      | Reached skill level 3 in Transmutations
   207 | D:1      | Reached XP level 2. HP: 17/21 MP: 3/5
   663 | D:1      | Found Hiahoul's Magic Scroll Boutique.
   678 | D:1      | Learned a level 2 spell: Wereblood
   920 | D:2      | Reached XP level 3. HP: 27/27 MP: 6/6
   924 | D:2      | Learned a level 3 spell: Spider Form
  1147 | D:2      | Reached skill level 1 in Poison Magic
  1760 | D:3      | Reached XP level 4. HP: 28/33 MP: 5/7
  1893 | D:3      | Found a bloodstained altar of Trog.
  2332 | D:3      | Reached skill level 4 in Transmutations
  2940 | D:4      | Reached XP level 5. HP: 30/38 MP: 6/8
  3460 | D:4      | Reached XP level 6. HP: 21/44 MP: 6/9
  3624 | D:4      | Reached skill level 5 in Transmutations
  3738 | D:4      | Found Vellodgh's Assorted Antiques.
  4441 | D:4      | Found a glowing silver altar of Zin.
  4602 | D:4      | Reached skill level 5 in Poison Magic
  4763 | D:4      | Found a snail-covered altar of Cheibriados.
  4834 | D:4      | Found an opulent altar of Gozag.
  4848 | D:4      | Found a hazy altar of Hepliaklqana.
  4850 | D:4      | Found a shadowy altar of Dithmenos.
  4850 | D:4      | Noticed a shadow
  4924 | D:5      | Entered Level 5 of the Dungeon
  4937 | D:5      | Noticed a water elemental
  4940 | D:5      | Found a stormy altar of Qazlal.
  4944 | D:5      | Noticed an air elemental
  4944 | D:5      | Noticed a fire elemental
  4948 | D:5      | Noticed a yak
  4949 | D:5      | Noticed a yak
  4949 | D:5      | Noticed a yak
  4949 | D:5      | Noticed a yak
  5099 | D:5      | Reached XP level 7. HP: 42/50 MP: 5/10
  5193 | D:5      | Reached skill level 6 in Transmutations
  5562 | D:5      | Learned a level 4 spell: Ice Form
  5678 | D:4      | Killed a yak
  5748 | D:4      | Killed a yak
  5749 | D:4      | Reached XP level 8. HP: 39/57 MP: 9/12
  5840 | D:4      | Killed a yak
  5841 | D:4      | Reached skill level 5 in Ice Magic
  5946 | D:5      | Noticed a yak
  6280 | D:4      | Killed a yak
  6355 | D:4      | Killed a yak
  6510 | D:5      | Reached skill level 7 in Transmutations
  6573 | D:5      | Found a staircase to the Ecumenical Temple.
  6588 | D:5      | Reached XP level 9. HP: 64/64 MP: 9/14
  6708 | Temple   | Entered the Ecumenical Temple
  6786 | Temple   | Became a worshipper of Warmaster Okawaru
  6804 | D:5      | Identified a scroll of acquirement
  6804 | D:5      | Acquired a book of Transfigurations
  7116 | D:6      | Reached skill level 8 in Transmutations
  7459 | D:6      | Reached * piety under Okawaru
  7465 | D:6      | Reached skill level 5 in Unarmed Combat
  7498 | D:6      | Reached skill level 9 in Transmutations
  7951 | D:6      | Reached XP level 10. HP: 73/73 MP: 13/16
  8054 | D:7      | Noticed Pikel
  8064 | D:6      | Killed Pikel
  8064 | D:6      | Reached ** piety under Okawaru
  8065 | D:6      | Reached skill level 5 in Fighting
  8065 | D:6      | Reached skill level 10 in Transmutations
  8128 | D:6      | Learned a level 5 spell: Blade Hands
  8132 | D:6      | Learned a level 3 spell: Mephitic Cloud
  8479 | D:7      | Found a shimmering altar of Xom.
  8613 | D:7      | Annihilated by an ogre

Illustrated notes

Levels and vault maps discovered:
D:1:      spicycebolla_arrival_ecumenical, layout_basic, serial_shops, shop
D:2:      layout_loops_ring, minmay_misc_feat_diagonals
D:3:      layout_basic, lightli_temple_of_fire
D:4:      minmay_thick_lines, layout_layer_cave,
          pdpol_temple_overflow_zin_treasury_gozag_greed,
          riverfiend_overflow_shadow_ancestor, cheibrodos_worm_habitat,
          serial_shops, nicolae_shop_overgrown_old_shop, minivault_4,
          corner_web_ring, nicolae_half_adder
D:5:      layout_basic, nicolae_qazlal_style_of_elements, temple_pool_b,
          nicolae_wormholes
D:6:      cheibrodos_barr_body, layout_gridville
D:7:      layout_cave_pools, nicolae_overflow_crystal_walls, the_hattery,
          uniq_pikel
Temple:   hellmonk_temple_of_storms

Skill      XL: |  1  2  3  4  5  6  7  8  9 10 |
---------------+-------------------------------+-----
Dodging        | 3 |  3.0
Transmutations | 3 4 5 6 7 9 10 | 10.3
Poison Magic   | 1 2 4 5 |  5.1
Fighting       | 2 3 4 5 |  5.4
Unarmed Combat | 4 6 7 |  7.1
Ice Magic      | 4 7 |  7.6
Spellcasting   | 3 4 |  4.8
Conjurations   | |  0.9
Air Magic      | |  0.8

Action                     |  1- 3 |  4- 6 |  7- 9 | 10-12 || total
---------------------------+-------+-------+-------+-------++-------
  Melee: Unarmed           |    89 |   183 |   202 |    42 ||   516
         Headbutt          |     5 |    16 |     8 |       ||    29
         Punch             |       |     8 |     2 |       ||    10
         Tailslap          |       |     2 |     5 |       ||     7
   Cast: Beastly Appendage |     9 |    11 |     6 |       ||    26
         Spider Form       |     1 |    10 |     8 |       ||    19
         Ice Form          |       |       |    11 |     6 ||    17
         Blade Hands       |       |       |       |     1 ||     1
    Use: Scroll            |     5 |     5 |     4 |     2 ||    16
         Potion            |       |       |     2 |     4 ||     6
   Stab: Sleeping          |     3 |       |       |       ||     3
 Armour: Robe              |    19 |       |       |       ||    19
         Leather armour    |     6 |    36 |     8 |     3 ||    53
         Skin              |       |     1 |    37 |    11 ||    49
  Dodge: Dodged            |    61 |   149 |   128 |    30 ||   368

Table legend: (Time is in decaauts)
 A = Elapsed time spent in this place.
 B = Non-inter-level travel time spent in this place.
 C = Inter-level travel time spent in this place.
 D = Time resting spent in this place.
 E = Time spent auto-exploring this place.
 F = Levels seen in this place.
 G = Mean time per level.
                   A        B        C        D        E       F      G
               +--------+--------+--------+--------+--------+-----+--------+
         Total |   8561 |   8470 |     91 |   2154 |    800 |   8 | 1070.1 |
       Dungeon |   8479 |   8393 |     86 |   2154 |    800 |   7 | 1211.3 |
        Temple |     82 |     77 |      5 |      0 |      0 |   1 |   82.0 |
               +--------+--------+--------+--------+--------+-----+--------+

Top non-repeatable levels by time:
     D:4: 1978 daAuts
     D:3: 1853 daAuts
     D:5: 1278 daAuts
     D:6: 1143 daAuts
     D:1: 977 daAuts
     D:2: 746 daAuts
     D:7: 500 daAuts
  Temple: 82 daAuts
